 Dungeon Crawl Stone Soup version 0.29.0-4-gdea44cf6ec (webtiles) character file.

Game seed: 9447383498340363271

49 qw the Chopper (level 3, 0/21 HPs)
             Began as a Tengu Warper on Aug 28, 2022.
             Succumbed to an adder's poison
             ... on level 2 of the Dungeon.
             The game lasted 00:00:10 (1273 turns).

qw the Chopper (Tengu Warper)                       Turns: 1273, Time: 00:00:10

Health: 0/21       AC:  6    Str: 13    XL:     3   Next: 77%
Magic:  7/7        EV:  9    Int: 13    God:
Gold:   100        SH:  0    Dex: 13    Spells: 6/6 levels left

rFire   . . .      SeeInvis .   Y - +0 hand axe
rCold   . . .      Faith    .   (no shield)
rNeg    . . .      Spirit   .   e - +0 scale mail
rPois   .          Reflect  .   (helmet restricted)
rElec   .          Harm     .   (no cloak)
rCorr   .          Rampage  .   (no gloves)
Will    .....                   (boots unavailable)
Stlth   ..........              (no amulet)
HPRegen 0.07/turn               (no ring)
MPRegen 0.10/turn               (no ring)

@: lethally poisoned (0 -> -1)
A: beak, talons 3
a: no special abilities


You were on level 2 of the Dungeon.
You visited 1 branch of the dungeon, and saw 2 of its levels.

You collected 100 gold pieces.


Innate Abilities, Weirdness & Mutations

You have a beak for a mouth.
You have claws for feet.


   Skills:
 - Level 2.0 Fighting
 + Level 4.4 Axes
 - Level 1.0 Throwing
 - Level 1.1 Armour
 - Level 2.1 Dodging
 - Level 2.0 Spellcasting
 - Level 2.4 Translocations


You had 6 spell levels left.
You didn't know any spells.
Your spell library contained the following spells:

 Spells                   Type           Power      Damage    Failure   Level
 Blink                    Tloc           14%        N/A       56%         2
 Gell's Gravitas          Tloc           7%         N/A       80%         3
 Lesser Beckoning         Tloc           7%         N/A       80%         3
 Teleport Other           Tloc           7%         N/A       80%         3
 Manifold Assault         Tloc           7%         N/A       100%        5

Inventory:

Hand Weapons
 d - a +0 whip
 Y - a +0 hand axe (weapon)
Armour
 e - a +0 scale mail (worn)
Scrolls
 h - 2 scrolls of identify
Potions
 f - a potion of invisibility {unknown}
 k - a potion of berserk rage {unknown}

Dungeon Overview and Level Annotations

Branches:
Dungeon (2/15)

Altars:


Message History

You closely miss the adder. The bat hits you but does no damage.
The adder bites you.
You are poisoned.
The adder poisons you! The adder bites you but does no damage.
You miss the bat. Your kick misses the bat.
The bat is severely wounded.
You miss the adder.
You feel sick. The bat barely misses you. The adder barely misses you.
You barely miss the adder. You peck the adder.
The adder is moderately wounded.
You feel sick. The bat hits you but does no damage.
The adder bites you but does no damage. The bat hits you but does no damage.
The adder closely misses you.
You hit the bat.
You kill the bat!
You miss the adder.
You feel sick. The adder bites you.
You are more poisoned.
The adder poisons you!
You barely miss the adder. Your kick misses the adder.
The adder is moderately wounded.
You feel very sick. The adder bites you but does no damage.
You closely miss the adder. Your peck misses the adder.
The adder is moderately wounded.
You feel sick. The adder closely misses you. The adder bites you.
You hit the adder. You peck the adder.
The adder is almost dead.
You feel sick. The adder bites you but does no damage.
You closely miss the adder. Your kick misses the adder.
Your peck misses the adder.
The adder is almost dead.
You feel sick. The adder misses you. The adder bites you but does no damage.
You hit the adder.
You kill the adder!
You feel sick.
There is a lethal amount of poison in your body!
You feel sick.
There is a lethal amount of poison in your body!
You die...

#########
?#......!#
.........#
.#.)..)..#####
......%@%....#
...##+##.....#
#...[# #...#
#..# #.# ## ..


There were no monsters in sight!

Vanquished Creatures
  An adder (D:2)
  5 bats
  4 endoplasms (D:1)
  2 giant cockroaches
  5 hobgoblins (D:1)
  3 jackals (D:1)
  2 quokkas
  A ball python (D:1)
  2 frilled lizards (D:1)
  3 goblins (D:1)
  3 kobolds
  7 rats
38 creatures vanquished.

Notes
Turn   | Place    | Note
-------+----------+-------------------------------------------
     0 | D:1      | qw the Tengu Warper began the quest for the Orb.
     0 | D:1      | Reached XP level 1. HP: 12/12 MP: 4/4
     0 | D:1      | 0 ||| qw: Version: 0.1-a-89-g26bdef1
     0 | D:1      | 0 ||| qw: Game counter: 1141
     0 | D:1      | 0 ||| qw: Always use a shield: true
     0 | D:1      | 0 ||| qw: God list: Okawaru
     0 | D:1      | 0 ||| qw: Allow faded altars: false
     0 | D:1      | 0 ||| qw: Do Orc after D:15 true
     0 | D:1      | 0 ||| qw: Do second Lair branch before Depths: true
     0 | D:1      | 0 ||| qw: Lair rune preference: random
     0 | D:1      | 0 ||| qw: Plans: Normal
     0 | D:1      | 0 ||| PLANNING D:1-11
   107 | D:1      | Reached XP level 2. HP: 11/17 MP: 6/6
   218 | D:1      | Reached skill level 3 in Axes
   219 | D:1      | 219 ||| DROPPING +0 club.
   771 | D:1      | Reached XP level 3. HP: 15/21 MP: 7/7
  1029 | D:1      | Reached skill level 4 in Axes
  1187 | D:1      | 1187 ||| UPGRADING to +0 scale mail.
  1197 | D:1      | 1197 ||| DROPPING +0 leather armour.
  1198 | D:1      | 1198 ||| READING scroll labelled CESUP TIDUKKY.
  1199 | D:1      | 1199 ||| READING 2 scrolls labelled TEAM TAUVVITUI.
  1200 | D:1      | 1200 ||| READING scroll labelled PUUPLO JOUNIHO.
  1201 | D:1      | 1201 ||| READING scroll labelled KENWOEN PUXKAU.
  1202 | D:1      | 1202 ||| DROPPING scroll of blinking.
  1254 | D:2      | 1254 ||| READING scroll labelled MEILOE PUIL.
  1269 | D:2      | HP: 4/21 [poisoned by an adder]
  1272 | D:2      | HP: 1/21 [poisoned by an adder]
  1273 | D:2      | Succumbed to an adder's poison

Levels and vault maps discovered:
D:1:      nicolae_arrival_somewhat_less_tricky_arrival, layout_basic
D:2:      layout_rooms, wad_orctagon

Skill      XL: |  1  2  3 |
---------------+----------+-----
Axes           | 3 4 |  4.4
Fighting       | |  2.0
Throwing       | |  1.0
Armour         | |  1.1
Dodging        | |  2.1
Spellcasting   | |  2.0
Translocations | |  2.4

Action                   || total
-------------------------++-------
Melee: Hand axe          ||    85
       Kick              ||     8
       Peck              ||     9
Throw: Boomerang         ||     7
  Use: Scroll            ||     5
Armor: Leather armour    ||    18
       Scale mail        ||    13
Dodge: Dodged            ||    56

Table legend:
 A = Non-vault XP
 B = Vault XP
 C = Vault XP percentage of total XP
 D = Non-vault monster count
 E = Vault monster count
 F = Vault count percentage of total count
                 A         B        C        D         E       F
            +---------+---------+-------+---------+---------+-------
      Total |      71 |       0 |   0.0 |      38 |       0 |   0.0
            +---------+---------+-------+---------+---------+-------
        D:1 |      48 |       0 |   0.0 |      31 |       0 |   0.0
        D:2 |      23 |       0 |   0.0 |       7 |       0 |   0.0
            +---------+---------+-------+---------+---------+-------
